 Dungeon Crawl Stone Soup version 0.26-a0-940-gf7e0b5f775 (webtiles) character file.

Game seed: 16374242970175379914

764750 mandarbmax the Slayer (level 27, -37/258 HPs)
             Began as a Purple Draconian Fire Elementalist on Nov 15, 2020.
             Was the Champion of Ashenzari.
             Killed from afar by a Hell Sentinel (51 damage)
             ... with damnation
             ... on level 4 of the Abyss on Nov 28, 2020.
             The game lasted 08:10:41 (112329 turns).

mandarbmax the Slayer (DrFE)                      Turns: 112329, Time: 08:10:42

Health: -37/258    AC: 24    Str: 17    XL:     27
Magic:  9/52       EV: 36    Int: 22    God:    Ashenzari [******]
Gold:   6760       SH: 20    Dex: 25    Spells: 2/60 levels left

rFire    + . .     SeeInvis +   z - +12 Vampire's Tooth {vamp} (curse)
rCold    . . .     Faith    .   d - +5 kite shield {rN+} (curse)
rNeg     + + +     Spirit   .   (armour unavailable)
rPois    +         Reflect  .   L - +2 hat "Nomole" {rN+ rCorr} (curse)
rElec    +         Harm     .   u - +2 cloak "Ymiyzxi" {rElec Dex+4} (curse)
rCorr    +         Rampage  .   Z - +2 pair of gloves {Str+3} (curse)
MR       +++++     Clarity  +   e - +2 pair of boots (curse)
Stlth    ++++++++..             W - necklace of Bloodlust {*Rage +Rage MR++ Int-3 Slay+6 *Curse} (curse)
HPRegen  0.00/turn              t - ring of the Frog {Str+5 Slay+4} (curse)
MPRegen  0.33/turn              J - ring of Crawling {rF+ rN+ Dex+6} (curse)

@: about to teleport, very slightly contaminated
A: breathe power, unfitting armour, stinger 1, berserk 1, high mp 2, poison
resistance, screaming 2, inhibited regeneration, weak 1, wild magic 1, no potion
heal 2, cold-blooded, AC +13
}: 5/15 runes: decaying, serpentine, slimy, silver, abyssal
a: Breathe Dispelling Energy, Curse Item, Scrying, Transfer Knowledge, Renounce
Religion, Evoke Berserk Rage


You were on level 4 of the Abyss.
You worshipped Ashenzari.
Ashenzari was exalted by your worship.
You visited 13 branches of the dungeon, and saw 59 of its levels.
You visited the Abyss 1 time.
You also visited: Trove and Wizlab.

You collected 14071 gold pieces.
You spent 7311 gold pieces at shops.

Inventory:

Hand Weapons
 z - the cursed +12 Vampire's Tooth (weapon) {vamp}
   (You acquired it on level 2 of the Depths)

   It inflicts no extra harm, but heals its wielder when it wounds a living foe.
   It has a curse placed upon it.
Missiles
 r - 46 curare-tipped darts (quivered)
 E - 6 throwing nets
 H - 15 atropa-tipped darts
 K - 18 datura-tipped darts
Armour
 d - a cursed +5 kite shield of positive energy (worn)
 e - a cursed +2 pair of boots (worn)
 o - the +2 cloak of Defiance {Str+6 Stlth+}
   (You found it on level 3 of the Realm of Zot)

   It affects your strength (+6).
   It makes you more stealthy.
 u - the cursed +2 cloak "Ymiyzxi" (worn) {rElec Dex+4}
   (You found it in a wizard's laboratory)

   It affects your dexterity (+4).
   It insulates you from electricity.
   It has a curse placed upon it.
 L - the cursed +2 hat "Nomole" (worn) {rN+ rCorr}
   (You bought it in a shop on level 1 of the Orcish Mines)

   It protects you from negative energy.
   It provides partial protection from all sources of acid and corrosion.
   It has a curse placed upon it.
 Z - a cursed +2 pair of gloves of strength (worn)
Jewellery
 t - the cursed ring of the Frog (left hand) {Str+5 Slay+4}
   (You acquired it on level 1 of the Swamp)

   [ring of slaying]

   It affects your strength (+5).
   It affects your accuracy and damage with ranged weapons and melee attacks
   (+4).
   It has a curse placed upon it.
 J - the cursed ring of Crawling (right hand) {rF+ rN+ Dex+6}
   (You bought it in a shop on level 2 of the Orcish Mines)

   [ring of protection from fire]

   It affects your dexterity (+6).
   It protects you from fire.
   It protects you from negative energy.
   It has a curse placed upon it.
 W - the cursed necklace of Bloodlust (around neck) {*Rage +Rage MR++ Int-3 Slay+6 *Curse}
   (You bought it in a shop on level 1 of the Orcish Mines)

   [amulet of nothing]

   It affects your intelligence (-3).
   It affects your accuracy and damage with ranged weapons and melee attacks
   (+6).
   It affects your resistance to hostile enchantments.
   It lets you go berserk.
   It may make you go berserk in combat.
   It curses itself when equipped.
   It has a curse placed upon it.
Wands
 b - a wand of polymorph (56)
 s - a wand of paralysis (17)
 x - a wand of digging (22)
 y - a wand of iceblast (68)
 A - a wand of disintegration (27)
 R - a wand of enslavement (38)
 U - a wand of acid (42)
Scrolls
 a - 9 scrolls of blinking
 c - 37 scrolls of teleportation
 g - 2 scrolls of enchant armour
 i - 6 scrolls of immolation
 k - 4 scrolls of amnesia
 l - 19 scrolls of remove curse
 m - 5 scrolls of summoning
 C - 12 scrolls of magic mapping
 G - 9 scrolls of fear
 N - 7 scrolls of fog
 P - 2 scrolls of vulnerability
 Y - 2 scrolls of holy word
Potions
 f - 15 potions of flight
 h - 20 potions of curing
 p - a potion of magic
 q - 10 potions of haste
 v - 8 potions of heal wounds
 w - 12 potions of brilliance
 B - a potion of mutation
 D - 10 potions of might
 I - 5 potions of resistance
 O - 8 potions of ambrosia
Miscellaneous
 j - a box of beasts (inert)
 n - a lightning rod (4/4)
 F - the horn of Geryon (inert)
 M - a phantom mirror
 T - a tin of tremorstones (1/2)
 V - a condenser vane (inert)
 X - a phial of floods


   Skills:
 - Level 23.0 Fighting
 - Level 11.8(16.0) Short Blades
 - Level 6.0 Throwing
 - Level 20.5(24.0) Dodging
 - Level 16.1(20.0) Stealth
 + Level 13.2(15.8) Shields
 - Level 17.0 Spellcasting
 - Level 4.6(9.0) Conjurations
 - Level 20.5(24.0) Hexes
 - Level 16.1(20.0) Necromancy
 - Level 1.8(5.0) Transmutations
 - Level 18.3(22.0) Fire Magic
 - Level 5.0(9.4) Ice Magic
 - Level 4.0(8.2) Air Magic
 - Level 20.5(24.0) Evocations


You had 2 spell levels left.
You knew the following spells:

 Your Spells              Type           Power        Failure   Level
a - Discord               Hex            ########..   2%          8
c - Ignition              Fire           ########..   4%          8
d - Inner Flame           Hex/Fire       ########     1%          3
e - Death Channel         Necr           #######...   1%          6
g - Cause Fear            Hex            ########..   1%          4
i - Invisibility          Hex            ########     1%          6
l - Blink                 Tloc           N/A          5%          2
o - Ozocubu's Armour      Ice            ######..     1%          3
p - Borgnjor's Revivific  Necr           #######...   9%          8
r - Swiftness             Air            ######..     1%          2
s - Silence               Hex/Air        #######...   1%          5
w - Wereblood             Tmut           ######..     1%          2
z - Animate Skeleton      Necr           ######       1%          1

Your spell library contained the following spells:

 Spells                   Type           Power        Failure   Level
 Beastly Appendage        Tmut           ######       1%          1
 Corona                   Hex            #######      1%          1
 Foxfire                  Conj/Fire      ####         1%          1
 Freeze                   Ice            ####         1%          1
 Magic Dart               Conj           ####         1%          1
 Shock                    Conj/Air       ####         1%          1
 Corpse Rot               Necr/Air       N/A          1%          2
 Poisonous Vapours        Pois/Air       #####.       1%          2
 Searing Ray              Conj           ######       1%          2
 Slow                     Hex            ########     1%          2
 Sublimation of Blood     Necr           #######...   1%          2
 Passwall                 Tmut/Erth      #####...     2%          2
 Apportation              Tloc           ####..       4%          1
 Sandblast                Erth           ####..       4%          1
 Summon Small Mammal      Summ           ####         4%          1
 Call Imp                 Summ           ####....     5%          2
 Confusing Touch          Hex            ########     1%          3
 Conjure Flame            Conj/Fire      #######.     1%          3
 Dazzling Flash           Conj/Hex       ######       1%          3
 Frozen Ramparts          Ice            ######       1%          3
 Ignite Poison            Fire/Tmut/Pois ######..     1%          3
 Mephitic Cloud           Conj/Pois/Air  ######..     1%          3
 Portal Projectile        Hex/Tloc       ######       1%          3
 Static Discharge         Conj/Air       ######..     1%          3
 Summon Guardian Golem    Hex/Summ       #######.     1%          3
 Tukima's Dance           Hex            ########     1%          3
 Vampiric Draining        Necr           #######...   1%          3
 Animate Dead             Necr           #######...   1%          4
 Dispel Undead            Necr           #######.     1%          4
 Fulminant Prism          Conj/Hex       #######...   1%          4
 Hailstorm                Conj/Ice       ######..     1%          4
 Leda's Liquefaction      Hex/Erth       #######...   1%          4
 Sticky Flame             Conj/Fire      #######.     1%          4
 Agony                    Necr           #######.     1%          5
 Excruciating Wounds      Necr           #######...   1%          5
 Fireball                 Conj/Fire      #######...   1%          5
 Metabolic Englaciation   Hex/Ice        #######...   1%          5
 Yara's Violent Unravell  Hex/Tmut       #######...   1%          5
 Starburst                Conj/Fire      #######...   1%          6
 Stone Arrow              Conj/Erth      ######       2%          3
 Airstrike                Air            ######....   2%          4
 Bolt of Magma            Conj/Fire/Erth ######....   2%          5
 Borgnjor's Vile Clutch   Necr/Erth      ######....   2%          5
 Simulacrum               Ice/Necr       #######...   2%          6
 Ice Form                 Ice/Tmut       ######..     3%          4
 Iskenderun's Battlesphe  Conj           ######..     3%          5
 Spider Form              Tmut/Pois      #####.....   4%          3
 Lightning Bolt           Conj/Air       ######....   4%          5
 Summon Ice Beast         Ice/Summ       ######..     6%          4
 Iskenderun's Mystic Bla  Conj/Tloc      ######..     7%          4
 Summon Lightning Spire   Summ/Air       #####...     8%          4
 Irradiate                Conj/Tmut      ######....   8%          5
 Call Canine Familiar     Summ           ####....     11%         3
 Gell's Gravitas          Tloc           ####......   11%         3
 Lesser Beckoning         Tloc           ####......   11%         3
 Teleport Other           Tloc           ####....     11%         3
 Petrify                  Tmut/Erth      #####...     13%         4
 Ozocubu's Refrigeration  Ice            ######....   14%         6
 Blade Hands              Tmut           ######....   16%         5
 Freezing Cloud           Conj/Ice/Air   ######....   17%         6
 Conjure Ball Lightning   Conj/Air       ######....   19%         6
 Passage of Golubria      Tloc           N/A          30%         4
 Alistair's Intoxication  Tmut/Pois      #####....    34%         5
 Hydra Form               Tmut           ######....   58%         6
 Lee's Rapid Deconstruct  Erth           ####......   61%         5
 Summon Forest            Summ/Tloc      ####......   61%         5
 Iron Shot                Conj/Erth      ######....   61%         6
 Orb of Destruction       Conj           ######....   61%         7
 Eringya's Noxious Bog    Tmut/Pois      #####.....   86%         6
 Statue Form              Tmut/Erth      #####....    86%         6
 Dragon Form              Tmut           ######....   98%         7
 Dispersal                Tloc           ####......   99%         6
 Spellforged Servitor     Conj/Summ      ######....   99%         7
 Malign Gateway           Summ/Tloc      ####......   100%        7
 Summon Hydra             Summ           ####......   100%        7
 Dragon's Call            Summ           ####......   100%        9
 Shatter                  Erth           ####......   100%        9
 Tornado                  Air            ######....   100%        9


Dungeon Overview and Level Annotations

Branches:
Dungeon (15/15)            Temple (1/1) D:7            Lair (6/6) D:8
  Swamp (4/4) Lair:3        Snake (4/4) Lair:3        Slime (5/5) Lair:5
    Orc (2/2) D:9             Elf (3/3) Orc:2        Vaults (5/5) D:14
  Crypt (3/3) Vaults:3       Tomb (0/3) Crypt:3      Depths (5/5) D:15
   Hell (visited)             Dis (0/7) Hell            Geh (0/7) Hell
    Coc (0/7) Hell            Tar (0/7) Hell            Zot (5/5) Depths:5
 WizLab (visited)

Altars:
Ashenzari
Cheibriados
Elyvilon
Fedhas
Gozag
Hepliaklqana
Makhleb
Nemelex Xobeh
Okawaru
Qazlal
Ru
Sif Muna
Trog
Uskayaw
Vehumet
Wu Jian
Yredelemnul
Zin
The Shining One
Beogh
Jiyva

Shops:
D:10 *   Orc:1 **=}?   Orc:2 *!==[   Elf:1 (   Elf:2 [   Snake:3 :   Vaults:2 *
Vaults:3 [[!   Vaults:5 (   Depths:4 }==   Depths:5 *[

Portals:
Hell: Depths:1 Depths:2 Depths:3 Depths:4 Depths:5
Abyss: Depths:2 Depths:4
Pandemonium: Depths:2 Depths:3
Ziggurat: Depths:3

Annotations:
D:2 1 runed translucent door, Crazy Yiuf


Innate Abilities, Weirdness & Mutations

You can breathe bolts of dispelling energy.
Your rich purple scales are hard. (AC +13)
You cannot fit into any form of body armour.
You are cold-blooded and may be slowed by cold attacks.
Your tail ends in a poisonous barb.
You tend to lose your temper in combat.
You have a considerably increased reservoir of magic. (+20% MP)
Your system is resistant to poisons. (rPois)
You sometimes yell uncontrollably at your foes.
You do not regenerate when monsters are visible.
You are weak. (Str -2)
Your spells are a little harder to cast, but a little more powerful.
Potions are poor at restoring your health.


Message History

The Hell Sentinel gestures at you.
The sphere of damnation explodes!
The damnation engulfs you!!
* * * LOW HITPOINT WARNING * * *
The damnation engulfs the Hell Sentinel.
The Hell Sentinel completely resists.
You hear a shout!
You hit the Hell Sentinel but do no damage.
The Hell Sentinel is moderately wounded.
You hit the Hell Sentinel but do no damage.
The Hell Sentinel is moderately wounded.
You puncture the Hell Sentinel!
The Hell Sentinel is moderately wounded.
The Hell Sentinel hits you!!!
* * * LOW HITPOINT WARNING * * *
The Hell Sentinel misses you.
Your system partially rejects the healing.
You feel much better. The Hell Sentinel gestures at you.
The sphere of damnation explodes!
The damnation engulfs you!!!
You die...

,* * ,, ,* # .# #,.
## ≈## *, * ,#
..≈≈>...## ≈≈# , ,
,,* , ,* ,
,.#..†≈≈.†..#≈ ≈# ,
, ** , *
...≈≈≈†≈≈≈≈≈≈≈# ,,
*,* .##∩≈≈≈≈≈≈≈
≈≈≈. , *, , * #
##..≈≈≈≈≈≈≈≈≈≈≈## *
, * *
#....≈≈≈....#≈# ,*
,** ,, #.≈≈≈...# ≈
* , , ,* , , . #@#≈
. ##* ≈# * * **,, ,
, #1#∆# #*, # * *,
,* .{..### ,,, , ,*
,* * , ≈
≈≈≈≈X≈≈..,,, {*.#,
, *
≈≈≈≈≈≈..≈#≈,,≈..,,,
, ≈ ≈≈* , ≈≈§
≈...... ≈ ≈** ≈ ≈ ≈
.≈.#..###..* , #,
,*, , * * #....#,
,.## , ** * ** *
....#* * . ,* *, ,,


You could see a Hell Sentinel.

Vanquished Creatures
  2 ancient liches (Zot:5)
  4 orbs of fire
  The ghost of ThatOtherGuy53 the Axe Maniac, a legendary HOMo of Beogh (Zot:3)
  A juggernaut (Depths:4)
  A royal mummy (Depths:3)
  A shard shrike (Slime:5)
  Boris (twice) (Depths:3 Depths:5)
  Sojobo (Depths:5)
  4 Killer Klowns (Zot:5)
  Saint Roka (Depths:1)
  Margery (Depths:5)
  Xtahua (Crypt:3)
  4 caustic shrikes
  2 curse toes
  Geryon (Hell)
  11 golden dragons
  A profane servitor (Crypt:3)
  the Enchantress (Depths:1)
  2 bone dragons
  Jory (Crypt:3)
  13 liches
  12 tentacled monstrosities
  4 electric golems
  Rupert (D:13)
  25 Orb Guardians (Zot:5)
  A titan (Vaults:5)
  2 deep elf blademasters (Elf:3)
  A deep elf master archer (Elf:3)
  The ghost of Lolleill the Bludgeoner, an adept DgTm (Vaults:4)
  A kraken (Abyss:4)
  10 tentacled starspawn
  21 acid blobs
  2 quicksilver dragons
  Kirke (Lair:5)
  Frances (Elf:1)
  5 sphinxes
  An eldritch tentacle (WizLab)
  2 thorn hunters
  8 death cobs
  Agnes (D:14)
  The ghost of Iffuusoj the Severer, an adept MiBe of Trog (Swamp:3)
  9 shadow dragons
  The ghost of dcgrp the Tortoise, an adept HOFi of Beogh (Swamp:3)
  3 ancient champions
  14 storm dragons
  7 tengu reavers
  7 draconian monks
  2 fenstrider witches
  9 azure jellies
  The ghost of Apurealuerch the Bludgeoner, an adept GrGl of the Shining One (Swamp:3)
  4 nagarajas
  2 revenants
  6 draconian knights
  16 frost giants
  7 deep elf sorcerers
  8 fire giants
  3 orc warlords
  2 balrugs
  A ghost moth (Zot:3)
  4 iron dragons
  5 draconian scorchers
  9 draconian shifters
  Aizul (Lair:3)
  2 cacodemons
  11 vault wardens
  6 draconian stormcallers
  4 draconian annihilators
  A caustic shrike skeleton (Crypt:1)
  8 ghouls
  8 ironheart preservers
  A curse skull (Crypt:2)
  3 reapers
  6 deep elf elementalists
  2 war gargoyles
  19 stone giants
  33 very ugly things
  17 vampire knights
  3 spriggan defenders
  8 green draconians
  8 red draconians
  10 deep elf annihilators (Elf:3)
  7 deep elf demonologists
  9 white draconians
  6 yellow draconians
  4 bunyips
  12 purple draconians
  A dire elephant (D:15)
  5 spark wasps
  10 black draconians
  9 ettins
  10 death oozes (Slime:5)
  2 green deaths
  22 jiangshi
  An eidolon (Crypt:1)
  The ghost of Apothem the Blocker, a journeyman GnFi of Qazlal (Lair:1)
  9 deep elf death magi
  8 eleionomae
  10 fire dragons
  A spectral golden dragon (Crypt:3)
  3 deep elf high priests
  A crystal guardian (Vaults:4)
  Harold (D:7)
  11 great orbs of eyes
  2 shambling mangroves
  A kraken zombie (Hell)
  5 rakshasas
  9 yaktaur captains
  30 hydras
  A hell beast (Zot:3)
  3 spriggan air magi
  5 naga warriors
  10 centaur warriors
  5 boulder beetles
  3 ghost crabs
  34 vault guards
  9 ice dragons
  Erica (D:9)
  3 catoblepae (Lair:6)
  7 death knights
  9 anacondas
  A two-headed ogre (shapeshifter) (Depths:4)
  25 dancing weapons
  33 two-headed ogres
  8 ogre magi
  11 deep troll shamans
  7 death yaks (Lair:6)
  4 hell hogs (Hell)
  10 tengu warriors
  6 vampire magi
  12 alligators
  9 orc high priests
  5 thrashing horrors
  9 naga sharpshooters
  9 spriggan berserkers
  8 deep troll earth magi
  4 soul eaters
  22 deep elf knights
  3 sun demons
  22 hell knights
  A sixfirhy (Abyss:2)
  6 shock serpents
  3 wretched stars
  3 titan skeletons
  A storm dragon zombie (Crypt:1)
  5 shadow wraiths
  2 goliath frogs
  6 iron trolls
  A deep troll (shapeshifter) (Depths:4)
  A storm dragon skeleton (Vaults:2)
  28 skeletal warriors
  A golden dragon zombie (Depths:4)
  A goliath frog (shapeshifter) (Depths:1)
  6 swamp dragons
  A spark wasp zombie (Depths:3)
  A ghost moth zombie (Crypt:1)
  5 unseen horrors
  24 deep trolls
  3 glowing orange brains
  A glowing orange brain (shapeshifter) (Vaults:2)
  An anaconda zombie (Hell)
  A spriggan druid (Swamp:4)
  A shadow demon (WizLab)
  8 flayed ghosts
  14 starcursed masses
  7 bog bodies
  9 harpies
  14 ironbrand convokers
  A komodo dragon (shapeshifter) (Vaults:5)
  5 naga ritualists
  Pikel (D:7)
  22 deep elf archers
  A sphinx zombie (Depths:3)
  A wolf spider zombie (Hell)
  An iron dragon zombie (Depths:3)
  An iron giant skeleton (Crypt:1)
  7 mana vipers
  3 wizards
  13 orc knights
  An obsidian statue (WizLab)
  50 deep elf magi
  12 necromancers
  16 phantasmal warriors
  A mana viper (shapeshifter) (Depths:5)
  2 oklob plants (Lair:3)
  4 orc sorcerers
  A shining eye (shapeshifter) (Elf:3)
  52 ugly things
  2 frost giant zombies (Depths:3)
  2 wolf spiders (shapeshifter) (Vaults:5)
  5 manticores
  2 will-o-the-wisps
  2 spectral boulder beetles (Lair:1)
  3 fire giant zombies (Depths:3)
  A tengu skeleton (Depths:4)
  7 worldbinders
  12 cyclopes
  A shadow dragon skeleton (Crypt:1)
  4 shining eyes
  4 wolf spiders
  2 eleionoma skeletons (Crypt:2)
  3 frost giant skeletons
  A sphinx skeleton (Depths:3)
  2 human skeletons (Vaults:2)
  An iron dragon skeleton (Crypt:2)
  27 moths of wrath
  A fire giant skeleton (Crypt:1)
  9 rust devils
  7 guardian serpents
  A molten gargoyle (Hell)
  2 spriggan zombies (Depths:3)
  11 naga magi
  8 salamanders
  13 elephants
  3 gargoyles
  3 apocalypse crabs
  12 vault sentinels
  A torpor snail (Lair:5)
  An ice statue (Hell)
  A hellion (Hell)
  16 cane toads
  A smoke demon (Abyss:4)
  24 black mambas
  2 guardian serpents (shapeshifter)
  4 orange demons
  4 centaur skeletons
  A storm dragon simulacrum (Crypt:2)
  2 eyes of devastation
  A torpor snail (shapeshifter) (Vaults:5)
  A rime drake (Lair:5)
  12 komodo dragons
  14 freezing wraiths
  A demonic crawler (Depths:3)
  A red draconian skeleton (Crypt:2)
  5 tengu conjurers
  3 hellwings
  A dire elephant skeleton (Crypt:1)
  A tormentor (Depths:3)
  40 yaktaurs
  4 red devils
  A silent spectre (Depths:2)
  14 trolls
  2 hydra zombies
  3 guardian mummies (Depths:3)
  A queen bee (Lair:3)
  A jumping spider (shapeshifter) (Abyss:2)
  A merfolk (shapeshifter) (Depths:3)
  A harpy zombie (D:14)
  3 meliai
  4 ancient zymes
  3 polar bears
  2 polar bears (shapeshifter)
  A sphinx simulacrum (Depths:4)
  A queen bee (shapeshifter) (Depths:4)
  19 hornets
  2 bloated husks
  2 raiju (Abyss:2)
  2 harpy skeletons
  A hornet (shapeshifter) (D:15)
  Grinder (D:5)
  2 blink frogs (shapeshifter)
  9 tyrant leeches
  A dream sheep (shapeshifter) (Depths:5)
  An ettin zombie (Depths:3)
  A spectral swamp dragon (Crypt:3)
  21 blink frogs
  A stone giant simulacrum (Crypt:1)
  55 flying skulls
  A hydra skeleton (Hell)
  67 slime creatures
  A spectral dream sheep (Lair:1)
  6 dream sheep (Lair:4)
  A fire dragon skeleton (WizLab)
  3 alligator skeletons (Hell)
  19 spriggans
  2 fire giant simulacra
  2 ice dragon skeletons
  A fire dragon zombie (Crypt:1)
  A tarantella (shapeshifter) (Vaults:1)
  3 air elementals
  A yak (shapeshifter) (Vaults:4)
  A vampire (D:13)
  8 ynoxinuls
  5 wyverns
  2 shadows (Crypt:3)
  87 yaks
  5 water elementals
  10 wraiths
  6 basilisks
  12 large abominations
  10 fire elementals
  4 fire bats (Lair:1)
  7 hogs
  A neqoxec (Abyss:4)
  6 chaos spawn
  Eustachio (D:5)
  A hog (shapeshifter) (Abyss:2)
  A steam dragon (Lair:2)
  12 vampire mosquitoes
  13 wargs
  6 spatial vortices (WizLab)
  4 insubstantial wisps
  34 nagas
  19 swamp worms
  A hydra simulacrum (Lair:1)
  5 acid dragons
  9 swamp drakes
  2 cane toad zombies (Hell)
  12 water moccasins
  58 orc warriors
  A gelid demonspawn skeleton (Crypt:2)
  A cane toad skeleton (Crypt:1)
  5 ice beasts
  An alligator simulacrum (Hell)
  2 ettin simulacra
  8 sky beasts
  4 black bears
  An ice beast (shapeshifter) (Elf:3)
  A sky beast (shapeshifter) (Vaults:2)
  2 phantoms
  A swamp dragon zombie (Crypt:2)
  A black mamba simulacrum (Lair:1)
  7 necrophages
  14 boggarts
  3 eyes of draining
  A snapping turtle skeleton (Crypt:1)
  23 ogres
  8 wolves
  A boggart (shapeshifter) (Depths:4)
  34 centaurs
  A manticore skeleton (Crypt:1)
  2 lemures (D:7)
  2 big kobolds
  An octopode zombie (Crypt:2)
  20 bullfrogs
  A komodo dragon skeleton (Crypt:1)
  2 earth elementals
  2 cane toad simulacra
  2 gnoll sergeants
  A water moccasin zombie (D:5)
  2 wyvern skeletons
  8 scorpions
  19 killer bees (Lair:3)
  A troll skeleton (Crypt:1)
  An electric eel (Lair:3)
  12 wights
  2 howler monkeys
  4 lava snakes
  A bullfrog zombie (D:11)
  3 quasits
  51 orc priests
  11 hounds
  2 jellies
  A bullfrog skeleton (D:9)
  A human zombie (Crypt:1)
  29 orc wizards
  2 iron imps
  3 iguanas
  Natasha (thrice) (D:3)
  6 hell rats
  8 worker ants
  13 small abominations
  A killer bee zombie (D:9)
  A naga zombie (Abyss:4)
  An ogre zombie (Crypt:2)
  An acid dragon skeleton (Crypt:2)
  A demigod skeleton (Crypt:2)
  A hound skeleton (D:11)
  5 mummies (Depths:3)
  A worker ant zombie (D:11)
  14 adders
  12 gnolls
  3 shadow imps
  5 white imps
  An ufetubus (D:6)
  2 adder zombies
  A lava snake zombie (Crypt:1)
  3 adder skeletons
  A lava snake skeleton (Crypt:1)
  5 worms
  A ball lightning (Orc:1)
  2 dart slugs
  5 leopard geckos
  160 orcs
  4 giant cockroaches
  7 goblins
  8 hobgoblins
  3 jackals (D:9)
  4 quokkas
  6 ball pythons
  A ball python skeleton (Crypt:2)
  5 bats
  8 frilled lizards
  11 kobolds
  A quokka skeleton (D:5)
  11 rats
  2 briar patches (Swamp:4)
  2 butterflies (Lair:3)
  2 crawling corpses (Elf:1)
  A fulminant prism (Lair:4)
  A fungus (Depths:2)
  A lurking horror (WizLab)
  2 starspawn tentacles (Abyss:4)
  5 tentacles
2812 creatures vanquished.

Vanquished Creatures (collateral kills)
  An orb of fire (Zot:5)
  A juggernaut (Depths:2)
  2 Killer Klowns (Zot:5)
  2 golden dragons
  2 liches (Vaults:5)
  3 tentacled monstrosities
  4 titans
  A shadow dragon (Vaults:5)
  2 thorn hunters (Swamp:4)
  A draconian monk (Zot:1)
  A storm dragon (Vaults:5)
  5 nagarajas (Snake:4)
  2 frost giants (Vaults:5)
  A draconian knight (Zot:2)
  3 vault wardens (Vaults:5)
  A deep elf elementalist (Vaults:5)
  A juggernaut zombie (Depths:3)
  A draconian shifter (Zot:2)
  2 draconian stormcallers
  10 very ugly things
  5 ironheart preservers
  A reaper (Hell)
  2 black draconians (Zot:2)
  Nessos (D:15)
  A vampire knight (Crypt:3)
  5 stone giants
  A yellow draconian (Zot:2)
  A purple draconian (Zot:2)
  2 spark wasps (Depths:3)
  2 white draconians
  A deep elf annihilator (Vaults:5)
  2 red draconians (Zot:2)
  A deep elf death mage (Depths:4)
  5 ettins
  A crystal guardian (Vaults:4)
  4 fire dragons
  3 deep elf high priests
  An anaconda (Snake:4)
  3 jiangshi (Crypt:3)
  2 yaktaur captains
  A rakshasa (Depths:2)
  A great orb of eyes (Depths:1)
  3 vault guards
  3 naga warriors (Snake:4)
  2 hydras (Swamp:4)
  5 two-headed ogres
  2 deep troll shamans
  5 ogre magi
  A vampire mage (Depths:2)
  An alligator (Swamp:4)
  2 deep troll earth magi
  2 naga ritualists (Snake:4)
  2 thrashing horrors
  4 naga sharpshooters (Snake:4)
  A deep elf knight (Vaults:5)
  A spriggan (Depths:1)
  A sun demon (Hell)
  A shock serpent (Snake:4)
  A soul eater (Hell)
  4 iron trolls
  A salamander mystic (Snake:4)
  8 hell knights
  A wretched star (Abyss:4)
  A fire crab (Abyss:4)
  A skeletal warrior (Crypt:1)
  A glowing orange brain (shapeshifter) (Depths:5)
  5 deep trolls
  A phantasmal warrior (Crypt:1)
  3 deep elf archers
  A tengu zombie (Depths:3)
  4 bog bodies (Swamp:4)
  A harpy (Depths:5)
  An orc knight (Vaults:5)
  3 mana vipers (Snake:4)
  4 necromancers
  A wolf spider (shapeshifter) (Depths:4)
  9 deep elf magi
  A moth of wrath (Zot:2)
  13 ugly things
  3 salamanders
  A shining eye (Slime:3)
  A rust devil (Depths:2)
  8 black mambas (Snake:4)
  2 vault sentinels (Vaults:5)
  An apocalypse crab (Abyss:4)
  A smoke demon (Depths:2)
  3 guardian serpents (Snake:4)
  7 naga magi (Snake:4)
  4 yaktaurs
  An ice devil (Depths:2)
  A hornet (Depths:1)
  2 slime creatures
  A slime creature (shapeshifter) (Vaults:5)
  3 flying skulls (Crypt:3)
  A centaur simulacrum (D:15)
  A water elemental (Elf:1)
  A black mamba skeleton (Crypt:1)
  A fire elemental (Elf:1)
  2 yaks
  A neqoxec (Abyss:4)
  A spatial vortex (WizLab)
  16 nagas (Snake:4)
  A water moccasin (Snake:1)
  A floating eye (shapeshifter) (Vaults:5)
  4 orc warriors
  A sky beast (shapeshifter) (Depths:1)
  2 swamp drakes (Swamp:4)
  9 ogres
  A lindwurm skeleton (Crypt:1)
  A cane toad simulacrum (Hell)
  An earth elemental (Elf:1)
  An orc wizard (D:10)
  3 orc priests
  A worker ant (D:10)
  A mummy (Depths:3)
  8 ball lightnings
  11 orcs
  A giant cockroach (Depths:3)
  3 briar patches (Swamp:4)
  A crawling corpse (Elf:1)
  3 foxfires
310 creatures vanquished.

Vanquished Creatures (others)
  A tentacled monstrosity (Zot:5)
  2 sphinxes
  A storm dragon (Zot:2)
  A deep elf sorcerer (Elf:3)
  A draconian knight (Zot:2)
  2 vault wardens (Vaults:5)
  A draconian scorcher (Depths:5)
  An ironheart preserver (Vaults:5)
  A spriggan defender (Depths:1)
  3 very ugly things
  A deep elf annihilator (Elf:1)
  A yellow draconian (Zot:2)
  A red draconian (Zot:2)
  2 naga warriors (Snake:4)
  An ettin (Vaults:5)
  A fire dragon (Depths:1)
  2 jiangshi (Crypt:3)
  A deep elf death mage (Elf:3)
  A yaktaur captain (Vaults:5)
  A deep elf high priest (Vaults:5)
  2 swamp dragons (Swamp:4)
  A deep troll earth mage (Depths:1)
  A deep troll shaman (Depths:3)
  2 vampire magi (Crypt:3)
  A deep elf knight (Elf:1)
  2 naga sharpshooters (Snake:4)
  3 skeletal warriors
  An unseen horror (shapeshifter) (Depths:1)
  A hell knight (Hell)
  A deep troll (Vaults:3)
  A naga ritualist (Snake:4)
  2 deep elf archers
  An ironbrand convoker (Vaults:2)
  An orc knight (Elf:1)
  2 ugly things (Depths:4)
  A necromancer (Hell)
  6 deep elf magi
  A mana viper (Snake:4)
  2 guardian serpents (Snake:4)
  3 yaktaurs
  A slime creature (Slime:5)
  2 nagas (Snake:4)
  A water moccasin (Lair:2)
  2 orc warriors
  An ogre (Vaults:5)
  A wyvern zombie (D:15)
  421 ball lightnings
  An orc (Elf:1)
  A kobold (D:11)
  4 briar patches (Swamp:4)
  74 bushes (Depths:3)
  1130 foxfires
  16 fulminant prisms
  51 fungi
  A lurking horror (WizLab)
  114 plants
  6 starspawn tentacles
  4 tentacles
  5 toadstools (Swamp:2)
  3 withered plants (Swamp:3)
1900 creatures vanquished.

Grand Total: 5022 creatures vanquished

Notes
Turn   | Place    | Note
-------+----------+-------------------------------------------
     0 | D:1      | mandarbmax the Draconian Fire Elementalist began the quest
                  | for the Orb.
     0 | D:1      | Reached XP level 1. HP: 14/14 MP: 3/3
   466 | D:1      | You fall into a shaft and drop 1 floor!
   673 | D:1      | Reached XP level 2. HP: 20/20 MP: 0/5
  1226 | D:2      | Found a glowing golden altar of the Shining One.
  1471 | D:2      | Reached XP level 3. HP: 15/26 MP: 2/6
  1777 | D:2      | Reached XP level 4. HP: 32/33 MP: 3/7
  1814 | D:2      | Learned a level 4 spell: Sticky Flame
  2731 | D:3      | Found an opulent altar of Gozag.
  2765 | D:3      | Noticed Natasha
  2969 | D:3      | Killed Natasha
  2995 | D:3      | Reached XP level 5. HP: 38/38 MP: 2/8
  3087 | D:3      | Noticed Natasha
  3101 | D:3      | Killed Natasha
  3524 | D:3      | Reached skill level 5 in Fire Magic
  3665 | D:3      | Reached XP level 6. HP: 45/45 MP: 7/9
  3696 | D:3      | Noticed Natasha
  3701 | D:3      | Killed Natasha
  4091 | D:2      | Found a runed translucent door.
  4092 | D:2      | Noticed Crazy Yiuf
  4118 | D:2      | Found a sparkling altar of Nemelex Xobeh.
  4523 | D:2      | Found an iron altar of Okawaru.
  4680 | D:4      | Reached skill level 5 in Conjurations
  4680 | D:4      | Your scales start taking on a rich purple colour.
  4680 | D:4      | Reached XP level 7. HP: 46/50 MP: 0/10
  5015 | D:4      | Got an ancient hand axe
  5016 | D:4      | Identified the +8 hand axe of the Tooth {protect, rElec rN+
                  | Dex+3 Stlth-} (You found it on level 4 of the Dungeon)
  6291 | D:5      | Entered Level 5 of the Dungeon
  6627 | D:5      | Reached XP level 8. HP: 57/57 MP: 11/11
  7034 | D:5      | Noticed Grinder
  7035 | D:5      | Noticed Eustachio
  7064 | D:5      | Killed Eustachio
  7066 | D:5      | Killed Grinder
  7668 | D:6      | Learned a level 5 spell: Fireball
  7931 | D:6      | Found a snail-covered altar of Cheibriados.
  8556 | D:7      | Reached XP level 9. HP: 62/62 MP: 12/12
  8632 | D:7      | Found a staircase to the Ecumenical Temple.
  8639 | Temple   | Entered the Ecumenical Temple
  8794 | Temple   | Became a worshipper of Ashenzari the Shackled
  8818 | D:7      | Identified the ring "Tiubb" {rElec rPois Str+3}
  8963 | D:7      | Noticed Pikel
  8976 | D:7      | Killed Pikel
  9260 | D:7      | Identified the +7 mace "Goow Jaste" {antimagic, Int+3
                  | Dex+2}
  9315 | D:7      | Noticed Harold
  9326 | D:7      | HP: 2/62 [Harold/+0 halberd (18)]
  9330 | D:7      | Killed Harold
  9331 | D:7      | Reached skill level 10 in Conjurations
  9331 | D:7      | Reached skill level 10 in Fire Magic
  9331 | D:7      | Reached skill level 1 in Fighting
  9582 | D:7      | Found a glowing silver altar of Zin.
  9644 | D:7      | Reached skill level 2 in Fighting
  9832 | D:7      | Found an ornate altar of the Wu Jian Council.
 10386 | D:8      | Reached XP level 10. HP: 74/74 MP: 14/16
 10469 | D:8      | Learned a level 1 spell: Animate Skeleton
 10471 | D:8      | Learned a level 1 spell: Apportation
 10481 | D:8      | Reached skill level 1 in Evocations
 10523 | D:8      | Reached * piety under Ashenzari
 10719 | D:8      | Reached skill level 3 in Fighting
 11148 | D:8      | Found a staircase to the Lair.
 11639 | D:9      | Reached skill level 5 in Spellcasting
 11639 | D:9      | Reached skill level 1 in Necromancy
 11763 | D:9      | Learned a level 3 spell: Inner Flame
 11880 | D:9      | Reached skill level 4 in Fighting
 12053 | D:9      | Learned a level 4 spell: Fulminant Prism
 12077 | D:9      | Noticed Erica
 12088 | D:9      | Killed Erica
 12199 | D:9      | Reached skill level 5 in Fighting
 12466 | D:9      | Found a staircase to the Orcish Mines.
 12938 | D:9      | Reached ** piety under Ashenzari
 13088 | D:9      | Reached skill level 6 in Fighting
 13216 | D:10     | Entered Level 10 of the Dungeon
 13216 | D:10     | Noticed an elephant
 13222 | D:10     | Killed an elephant
 13223 | D:10     | Reached skill level 1 in Shields
 13223 | D:10     | Reached skill level 1 in Hexes
 13225 | D:10     | Noticed an elephant
 13233 | D:10     | Killed an elephant
 13244 | D:10     | Noticed an elephant
 13246 | D:10     | Reached XP level 11. HP: 82/89 MP: 2/20
 13791 | D:10     | Found Uhulut's General Store.
 13792 | D:10     | Found an opulent altar of Gozag.
 13814 | D:10     | Bought a scroll of enchant armour for 105 gold pieces
 13814 | D:10     | Bought a potion of berserk rage for 70 gold pieces
 13814 | D:10     | Bought a scroll of remove curse for 42 gold pieces
 14832 | D:11     | Noticed a red ugly thing
 15161 | D:11     | Reached *** piety under Ashenzari
 15195 | D:11     | Reached skill level 7 in Fighting
 15195 | D:11     | Noticed a seven-headed hydra
 15206 | D:11     | Noticed a green ugly thing
 15215 | D:11     | Killed a seven-headed hydra
 15350 | D:11     | Noticed a green ugly thing
 15355 | D:11     | Killed a green ugly thing
 15358 | D:11     | Killed a green ugly thing
 15505 | D:11     | Reached skill level 8 in Fighting
 15786 | D:11     | Noticed a two-headed ogre
 15798 | D:11     | Killed a two-headed ogre
 15799 | D:11     | Reached XP level 12. HP: 99/103 MP: 19/24
 15804 | D:11     | Reached skill level 9 in Fighting
 16847 | Lair:1   | Entered Level 1 of the Lair of Beasts
 16883 | Lair:1   | Reached skill level 10 in Fighting
 16883 | Lair:1   | Reached skill level 10 in Spellcasting
 17161 | Lair:1   | Found a runed translucent gate.
 17161 | Lair:1   | Found a runed translucent gate.
 17168 | Lair:1   | Found a runed translucent gate.
 17169 | Lair:1   | Noticed Apothem's ghost (journeyman GnFi)
 17177 | Lair:1   | Noticed a six-headed hydra
 17184 | Lair:1   | Killed a six-headed hydra
 17546 | Lair:1   | Learned a level 4 spell: Cause Fear
 17757 | Lair:1   | Reached **** piety under Ashenzari
 18163 | Lair:2   | Noticed a five-headed hydra
 18168 | Lair:2   | Killed a five-headed hydra
 18222 | Lair:2   | Reached skill level 11 in Fighting
 18463 | Lair:2   | Noticed a four-headed hydra
 18471 | Lair:2   | Killed a four-headed hydra
 18826 | Lair:2   | Reached skill level 5 in Dodging
 18895 | Lair:2   | Reached XP level 13. HP: 116/116 MP: 3/28
 20067 | Lair:3   | Found a staircase to the Swamp.
 20541 | Lair:3   | Reached ***** piety under Ashenzari
 20648 | Lair:3   | Found a staircase to the Snake Pit.
 23128 | Lair:4   | Reached skill level 12 in Fighting
 23825 | Lair:5   | Reached skill level 5 in Shields
 23840 | Lair:5   | Reached XP level 14. HP: 62/127 MP: 3/30
 24307 | Lair:5   | Found a staircase to the Slime Pits.
 24307 | Lair:5   | Found a viscous altar of Jiyva.
 24966 | Lair:6   | Entered Level 6 of the Lair of Beasts
 24966 | Lair:6   | Noticed Kirke
 25265 | Lair:5   | Killed Kirke
 25512 | Lair:6   | Reached skill level 13 in Fighting
 25878 | Lair:1   | Killed Apothem's ghost
 27449 | Lair:6   | Reached skill level 10 in Shields
 27894 | Lair:6   | Learned a level 6 spell: Conjure Ball Lightning
 28399 | Orc:1    | Entered Level 1 of the Orcish Mines
 28399 | Orc:1    | Found Evutox's Assorted Antiques.
 28401 | Orc:1    | Bought a hardcover book for 390 gold pieces
 28401 | Orc:1    | Bought a metal-bound book for 390 gold pieces
 28408 | Orc:1    | Learned a level 6 spell: Invisibility
 28414 | Orc:1    | Found Lierchuag's Gadget Emporium.
 28605 | Orc:1    | Found Wyety's Jewellery Boutique.
 28615 | Orc:1    | Found Kuxodulo's Magic Scroll Emporium.
 28640 | Orc:1    | Noticed an orc warlord
 28654 | Orc:1    | Reached skill level 1 in Air Magic
 28670 | Orc:1    | Killed an orc warlord
 28671 | Orc:1    | Reached XP level 15. HP: 106/135 MP: 2/32
 29279 | Orc:1    | Found Zigryunabri's Assorted Antiques.
 29287 | Orc:1    | Bought a scroll labelled CYRIS YZOI for 24 gold pieces
 29287 | Orc:1    | Bought an agate ring for 120 gold pieces
 29287 | Orc:1    | Bought a warped hat for 216 gold pieces
 29287 | Orc:1    | Identified the +2 hat "Nomole" {rN+ rCorr} (You bought it
                  | in a shop on level 1 of the Orcish Mines)
 29480 | Orc:2    | Entered Level 2 of the Orcish Mines
 31235 | Orc:2    | Found a staircase to the Elven Halls.
 31433 | Orc:2    | Reached ****** piety under Ashenzari
 31739 | Orc:1    | Upgraded the game from 0.26-a0-831-g7192265339 to
                  | 0.26-a0-834-g69557b85cc
 31739 | Orc:1    | Upgraded the game from 0.26-a0-834-g69557b85cc to
                  | 0.26-a0-835-g8259106e14
 31772 | Orc:1    | Upgraded the game from 0.26-a0-835-g8259106e14 to
                  | 0.26-a0-852-g6321bf7485
 32023 | Orc:2    | Found Jiose's Armour Emporium.
 32135 | Orc:2    | Found Eryhoy's Jewellery Emporium.
 32135 | Orc:2    | Found Qaozor's Jewellery Shop.
 32166 | Orc:2    | Found a roughly hewn altar of Beogh.
 32195 | Orc:2    | Found Malis's General Store.
 32195 | Orc:2    | Found Popeic's Distillery.
 32209 | Orc:2    | Bought a potion of resistance for 110 gold pieces
 32387 | Orc:1    | Bought a phantom mirror for 640 gold pieces
 33717 | D:13     | Reached skill level 5 in Stealth
 34376 | D:13     | Noticed Rupert
 34391 | D:13     | Killed Rupert
 34392 | D:13     | Reached skill level 5 in Evocations
 35078 | D:14     | Noticed Agnes
 35083 | D:14     | Killed Agnes
 35098 | D:13     | Reached skill level 5 in Hexes
 36380 | D:14     | Found a gate to the Vaults.
 36497 | D:15     | Entered Level 15 of the Dungeon
 36509 | D:15     | Noticed Nessos
 36527 | D:15     | Killed Nessos
 36816 | D:14     | Upgraded the game from 0.26-a0-852-g6321bf7485 to
                  | 0.26-a0-935-g3624241d3c
 37046 | D:15     | Identified the +1 leather armour of Negligence {rN+ Regen+
                  | Dex+4}
 37372 | D:15     | Reached XP level 16. HP: 143/143 MP: 22/33
 37850 | D:15     | Learned a level 2 spell: Swiftness
 37861 | D:15     | Reached skill level 10 in Dodging
 38135 | D:15     | Found a white marble altar of Elyvilon.
 38419 | D:15     | Found a staircase to the Depths.
 38553 | D:15     | Learned a level 2 spell: Blink
 38777 | Swamp:1  | Entered Level 1 of the Swamp
 38781 | Swamp:1  | Noticed Aizul
 38806 | Lair:3   | Killed Aizul
 40480 | Swamp:1  | Identified 2 scrolls of acquirement
 40570 | Swamp:1  | Acquired the Disquisition on Confrontation
 40572 | Swamp:1  | Acquired the cursed ring of the Frog {Str+5 Slay+4}
 41704 | Swamp:2  | Reached skill level 10 in Hexes
 42260 | Swamp:2  | Noticed a thorn hunter
 42272 | Swamp:2  | Killed a thorn hunter
 43029 | Swamp:3  | Identified the +2 dire flail "Pinifi" {vorpal, rN++}
 43400 | Swamp:3  | Found a runed translucent gate.
 43400 | Swamp:3  | Found a runed translucent gate.
 43400 | Swamp:3  | Found a runed translucent gate.
 43400 | Swamp:3  | Noticed dcgrp's ghost (adept HOFi)
 43400 | Swamp:3  | Noticed Apurealuerch's ghost (adept GrGl)
 43401 | Swamp:3  | Noticed Iffuusoj's ghost (adept MiBe)
 44080 | Swamp:3  | Killed dcgrp's ghost
 44291 | Swamp:4  | Entered Level 4 of the Swamp
 44597 | Swamp:4  | Acquired a book of Ice
 44700 | Snake:1  | Entered Level 1 of the Snake Pit
 44700 | Snake:1  | Found a broken altar of Ashenzari.
 45199 | Snake:1  | Reached XP level 17. HP: 112/149 MP: 8/34
 48416 | Snake:3  | Found Tadet's Book Emporium.
 49018 | Snake:3  | Learned a level 8 spell: Discord
 49022 | Snake:3  | Learned a level 3 spell: Ozocubu's Armour
 49241 | Orc:1    | Bought the cursed necklace of Bloodlust {*Rage +Rage MR++
                  | Int-3 Slay+6 *Curse} for 562 gold pieces
 49241 | Orc:1    | Found the cursed necklace of Bloodlust {*Rage +Rage MR++
                  | Int-3 Slay+6 *Curse}
 49963 | Swamp:4  | Reached skill level 1 in Short Blades
 50145 | Swamp:4  | Reached skill level 1 in Ice Magic
 50419 | Swamp:4  | Reached skill level 15 in Spellcasting
 50800 | Swamp:4  | Noticed a tentacled monstrosity
 51398 | Swamp:4  | Killed a tentacled monstrosity
 51937 | Swamp:4  | Reached skill level 5 in Ice Magic
 52048 | Swamp:3  | Killed Iffuusoj's ghost
 52049 | Swamp:3  | Reached skill level 5 in Short Blades
 52209 | Swamp:3  | Killed Apurealuerch's ghost
 52593 | Orc:2    | Bought the ring of the Mage {Wiz MR++ Int+3} for 723 gold
                  | pieces
 52593 | Orc:2    | Found the ring of the Mage {Wiz MR++ Int+3}
 53414 | Swamp:4  | Reached XP level 18. HP: 157/157 MP: 21/37
 53423 | Swamp:4  | Got a decaying rune of Zot
 53697 | Snake:4  | Entered Level 4 of the Snake Pit
 56221 | Snake:4  | Got a serpentine rune of Zot
 56542 | Elf:1    | Entered Level 1 of the Elven Halls
 57314 | Elf:1    | Found Nusekhiv's Weapon Boutique.
 57451 | Elf:1    | Noticed Frances
 57473 | Elf:1    | Killed Frances
 58637 | Elf:1    | Found a runed translucent gate.
 58637 | Elf:1    | Found a runed translucent gate.
 58637 | Elf:1    | Found a runed translucent gate.
 58637 | Elf:1    | Found a runed translucent gate.
 58637 | Elf:1    | Found a runed translucent gate.
 58686 | Elf:1    | Found a runed translucent gate.
 59161 | Elf:2    | Found Duklodit's Armour Shop.
 59808 | Elf:2    | Reached XP level 19. HP: 163/163 MP: 16/38
 60053 | Elf:2    | Found a runed translucent door.
 60076 | Elf:2    | Found a runed translucent door.
 60221 | Elf:2    | Reached skill level 15 in Hexes
 60319 | Elf:2    | Learned a level 5 spell: Silence
 60815 | Elf:3    | Entered Level 3 of the Elven Halls
 61246 | Elf:3    | Gained mutation: Scrolls take you a little longer to read.
                  | [mutagenic glow]
 61686 | Elf:3    | Gained mutation: Your body sometimes deteriorates upon
                  | taking damage. [mutagenic glow]
 61743 | Elf:2    | Gained mutation: You are weak. (Str -2) [mutagenic glow]
 61858 | Elf:3    | Reached skill level 10 in Stealth
 62018 | Elf:2    | Lost mutation: You are weak. (Str -2) [potion of mutation]
 62018 | Elf:2    | Lost mutation: Your body sometimes deteriorates upon taking
                  | damage. [potion of mutation]
 62018 | Elf:2    | Lost mutation: Scrolls take you a little longer to read.
                  | [potion of mutation]
 62018 | Elf:2    | Gained mutation: Your magical capacity is low. (-10% MP)
                  | [potion of mutation]
 62018 | Elf:2    | Gained mutation: You are frail. (-10% HP) [potion of
                  | mutation]
 62018 | Elf:2    | Gained mutation: You are agile. (Dex +2) [potion of
                  | mutation]
 62018 | Elf:2    | Gained mutation: Your muscles are strong. (Str +2) [potion
                  | of mutation]
 62019 | Elf:2    | Lost mutation: Your magical capacity is low. (-10% MP)
                  | [potion of mutation]
 62019 | Elf:2    | Lost mutation: You are frail. (-10% HP) [potion of
                  | mutation]
 62019 | Elf:2    | Lost mutation: You are agile. (Dex +2) [potion of mutation]
 62019 | Elf:2    | Gained mutation: Your flesh is heat resistant. (rF+)
                  | [potion of mutation]
 62019 | Elf:2    | Gained mutation: Your system is resistant to poisons.
                  | (rPois) [potion of mutation]
 62753 | Elf:3    | Identified the +6 hunting sling "Uhughis" {freeze, Str+4
                  | Int+5}
 62755 | Elf:3    | Identified the +7 spear of Intimidation {vorpal, Dex+2}
 62759 | Elf:3    | Identified the ring "Pibbuf" {Wiz +Inv rF- Str+7 Int+3}
 62894 | Elf:3    | Identified the cursed +1 quarterstaff "Saobb" {vorpal,
                  | Str+2}
 62897 | Elf:3    | Identified the +6 war axe "Killer Klown's Death" {freeze,
                  | MR+ Int+2}
 63612 | Snake:3  | Bought Satoa's Guide on Earthen Heat for 1295 gold pieces
 63817 | Orc:1    | Bought a scroll of enchant weapon for 195 gold pieces
 63817 | Orc:1    | Bought a scroll of remove curse for 78 gold pieces
 63947 | Vaults:1 | Entered Level 1 of the Vaults
 63960 | D:14     | Learned a level 8 spell: Ignition
 63966 | Vaults:1 | Reached skill level 14 in Fighting
 64223 | Vaults:1 | Identified the +2 falchion "Zeink" {drain, rElec rPois
                  | Int+5 Dex-5}
 64985 | Vaults:1 | Reached XP level 20. HP: 174/174 MP: 37/39
 66415 | Vaults:2 | Found a magical portal.
 66461 | WizLab   | Entered The Roulette of Golubria
 66461 | WizLab   | Found a transporter.
 66515 | WizLab   | Found a corrupted altar of Lugonu.
 66613 | WizLab   | Found a transporter.
 66614 | WizLab   | Identified the +2 cloak "Ymiyzxi" {rElec Dex+4}
 66622 | WizLab   | Found a transporter.
 66643 | WizLab   | Found a transporter.
 66650 | WizLab   | Found the +2 cloak of the Thief {*Fog Slay-2 SInv Stlth+}
 66651 | WizLab   | Identified the +2 cloak of Insurance {Rampage rCorr}
 66717 | WizLab   | Found a transporter.
 66814 | WizLab   | Found a transporter.
 66824 | WizLab   | Found a transporter.
 66866 | WizLab   | Found a transporter.
 66866 | WizLab   | Found a transporter.
 66867 | WizLab   | Identified the ring "Nedwiull" {+Fly rF- rN+ Int+9 Stlth+}
 67098 | WizLab   | Found a corrupted altar of Lugonu.
 67103 | WizLab   | Found a transporter.
 67103 | WizLab   | Found a transporter.
 67108 | WizLab   | Identified the ring of Jott {MP+9 Int+3 Dex-5 SInv}
 67202 | WizLab   | Found a transporter.
 67202 | WizLab   | Found a transporter.
 67227 | WizLab   | Found a transporter.
 67227 | WizLab   | Found a transporter.
 67435 | WizLab   | Found a transporter.
 67453 | WizLab   | Identified the Collected Works on Displacement
 67976 | WizLab   | Found a transporter.
 67976 | WizLab   | Found a transporter.
 68096 | WizLab   | Found a transporter.
 68096 | WizLab   | Found a transporter.
 68112 | WizLab   | Identified the Compendium of Orientation
 68533 | Elf:2    | Bought a +0 kite shield of positive energy for 127 gold
                  | pieces
 69003 | Vaults:2 | Reached skill level 15 in Fighting
 69396 | Vaults:2 | Found Ligad's General Store.
 70337 | Vaults:3 | Found Beudghof's Armour Shoppe.
 70390 | Vaults:3 | Found Fechoe's Distillery.
 70400 | Vaults:3 | Reached skill level 10 in Evocations
 70685 | Vaults:3 | Bought a potion of cancellation for 112 gold pieces
 70832 | Vaults:3 | Identified the +1 longbow "Meliymim" {freeze, rC- Str+3
                  | Dex+4}
 71061 | Vaults:3 | Found Jeuru's Armour Boutique.
 71122 | Vaults:3 | Reached XP level 21. HP: 158/184 MP: 18/40
 71339 | Vaults:3 | Found a staircase to the Crypt.
 71981 | Vaults:4 | HP: 4/184 [crystal guardian/crystal bolt (31)]
 73180 | Vaults:4 | Found a runed translucent door.
 74281 | Vaults:4 | Noticed Lolleill's ghost (adept DgTm)
 74308 | Vaults:4 | Killed Lolleill's ghost
 75212 | Vaults:5 | Entered Level 5 of the Vaults
 75217 | Vaults:5 | Reached skill level 16 in Fighting
 75231 | Vaults:5 | Reached skill level 1 in Throwing
 75289 | Vaults:5 | Reached XP level 22. HP: 180/198 MP: 18/41
 75300 | Vaults:5 | Identified the ring of the Duchess {*Drain rElec rF- rC+
                  | Int+5 Dex+3}
 75675 | Vaults:5 | Reached skill level 17 in Fighting
 76223 | Vaults:5 | Identified the +2 halberd of the Tomato {holy, Dex+5}
 76229 | Vaults:5 | Reached skill level 5 in Throwing
 76515 | Vaults:5 | Identified the +10 rapier "Novuob" {vamp, rElec rPois rC+
                  | Dex-5}
 76515 | Vaults:5 | Found Keecager's Weapon Shop.
 76517 | Vaults:5 | Found the +8 arc blade {discharge, rElec}
 77186 | Vaults:4 | Upgraded the game from 0.26-a0-935-g3624241d3c to
                  | 0.26-a0-940-gf7e0b5f775
 77496 | Vaults:5 | Reached skill level 15 in Fire Magic
 77823 | Vaults:5 | Got a silver rune of Zot
 78212 | Vaults:5 | Identified the Reference Book on Stolen Souls
 78762 | Vaults:5 | Identified the cursed +0 helmet of Orghaphiwk {Rampage
                  | Dex+4}
 79409 | Vaults:2 | Bought a book of Changes for 450 gold pieces
 79409 | Vaults:2 | Bought a scroll of blinking for 135 gold pieces
 79412 | Vaults:2 | Learned a level 2 spell: Wereblood
 79495 | Crypt:1  | Entered Level 1 of the Crypt
 79616 | Crypt:1  | Reached skill level 1 in Transmutations
 80104 | Crypt:1  | Reached skill level 5 in Necromancy
 81226 | Crypt:1  | Reached XP level 23. HP: 205/205 MP: 36/42
 81372 | Crypt:1  | Reached skill level 15 in Dodging
 81921 | Crypt:1  | Identified the +5 scimitar of the Hungering Tiger {freeze,
                  | *Corrode rC+++ MR+ Dex-5}
 82675 | Crypt:2  | HP: 8/205 [jiangshi[a curse skull] (12)]
 83799 | Orc:2    | Bought a potion of heal wounds for 70 gold pieces
 84472 | Crypt:3  | Entered Level 3 of the Crypt
 84926 | Crypt:3  | Found a basalt altar of Yredelemnul.
 85487 | Crypt:3  | Noticed Xtahua
 85517 | Crypt:3  | Killed Xtahua
 86824 | Crypt:3  | Identified the Tome of Dark Arts
 86882 | Crypt:3  | Noticed Jory
 86895 | Crypt:3  | Killed Jory
 86907 | Crypt:3  | Found a staircase to the Tomb.
 87435 | Depths:1 | Entered Level 1 of the Depths
 87904 | Depths:1 | Reached XP level 24. HP: 214/214 MP: 34/42
 87923 | Depths:1 | Identified the ring "Jaclixzinn" {Str+2 Stlth-}
 88016 | Depths:1 | Reached skill level 15 in Evocations
 88090 | Depths:1 | Gained mutation: Your body sometimes deteriorates upon
                  | taking damage. [mutagenic glow]
 88319 | Depths:1 | Noticed the Enchantress
 88336 | Depths:1 | Killed the Enchantress
 88354 | Depths:1 | Noticed Saint Roka
 88392 | Depths:1 | Killed Saint Roka
 88694 | Depths:1 | Identified the +4 hand axe of the Scavenger {antimagic, rN+
                  | Str+5 Int-2}
 88705 | Depths:1 | Found a gateway to Hell.
 88781 | Depths:1 | Identified the +8 great sword of Uwuat {venom, *Slow Str+4
                  | Int+7}
 88871 | Depths:1 | Learned a level 6 spell: Death Channel
 89597 | Depths:2 | Found a transporter.
 89628 | Depths:2 | Identified the +8 lajatang of the Queen {elec, rElec Int+3}
 89632 | Depths:2 | Found a portal to a secret trove of treasure.
 89647 | Depths:2 | You paid a toll of 6 scrolls of fog to enter a treasure
                  | trove
 89648 | Trove    | Entered a treasure trove
 89844 | Depths:2 | Found a transporter.
 89844 | Depths:2 | Found a runed translucent door.
 89844 | Depths:2 | Found a bloodstained altar of Trog.
 89844 | Depths:2 | Noticed a juggernaut
 89845 | Depths:2 | Found the +8 Wrath of Trog {antimagic, *Rage}
 89850 | Depths:2 | Identified the +7 glaive of Sandy Trial by Ordeal {vorpal,
                  | +Fly}
 89869 | Depths:2 | Killed a juggernaut
 90630 | Depths:2 | Found a one-way gate leading to the halls of Pandemonium.
 90746 | Depths:2 | Reached skill level 18 in Fighting
 91130 | Depths:2 | Gained mutation: You tend to lose your temper in combat.
                  | [mutagenic glow]
 91153 | Depths:2 | Gained mutation: Potions are less effective at restoring
                  | your health. [mutagenic glow]
 91676 | Depths:2 | Found a one-way gate to the infinite horrors of the Abyss.
 91679 | Depths:2 | Found a broken altar of Ashenzari.
 92106 | Depths:3 | Found a runed translucent gate.
 92106 | Depths:3 | Found a runed translucent gate.
 92106 | Depths:3 | Found a runed translucent gate.
 92198 | Depths:2 | Acquired the cursed +12 Vampire's Tooth {vamp}
 92199 | Depths:2 | Found the cursed +12 Vampire's Tooth {vamp}
 92689 | Depths:3 | Reached XP level 25. HP: 224/224 MP: 42/43
 93330 | Depths:3 | Noticed Boris
 93336 | Depths:3 | Killed Boris
 93340 | Depths:3 | Found a gateway to a ziggurat.
 94036 | Depths:3 | Identified the cursed +0 leather armour of Wariness
                  | {*Contam rPois Str+4}
 94036 | Depths:3 | Noticed a royal mummy
 94057 | Depths:3 | Killed a royal mummy
 95012 | Depths:4 | Noticed a juggernaut
 95046 | Depths:4 | Killed a juggernaut
 95308 | Depths:4 | Found Wungesuw's Gadget Boutique.
 95308 | Depths:4 | Found Mixuj's Jewellery Shoppe.
 95309 | Depths:4 | Found Duacolat's Jewellery Shoppe.
 95847 | Depths:5 | Entered Level 5 of the Depths
 95874 | Depths:5 | Identified the cursed ring "Menwurph" {rPois Str+4 Int-4
                  | Dex+4}
 96073 | Depths:5 | Found Afurr's Antique Armour Shop.
 96073 | Depths:5 | Found a transporter.
 96128 | Depths:5 | Noticed Margery
 96186 | Depths:5 | Killed Margery
 96188 | Depths:5 | Reached XP level 26. HP: 232/232 MP: 27/44
 96194 | Depths:5 | Found a transporter.
 96201 | Depths:5 | Identified the cursed ring of Ukeuduf {MR+ Str-4}
 96221 | Depths:5 | Noticed Boris
 96235 | Depths:5 | Killed Boris
 96559 | Depths:5 | Reached skill level 19 in Fighting
 96559 | Depths:5 | Reached skill level 15 in Stealth
 96735 | Depths:5 | Found a gate to the Realm of Zot.
 96799 | Depths:5 | Identified the +8 morningstar "Acarinebane" {venom, rElec
                  | MR+ SInv}
 96849 | Depths:5 | Found Fosk's Assorted Antiques.
 97149 | Depths:5 | Gained mutation: Potions are poor at restoring your health.
                  | [mutagenic glow]
 97178 | Depths:5 | Gained mutation: You are frail. (-10% HP) [mutagenic glow]
 97246 | Depths:5 | Lost mutation: Your muscles are strong. (Str +2) [potion of
                  | mutation]
 97246 | Depths:5 | Lost mutation: Your body sometimes deteriorates upon taking
                  | damage. [potion of mutation]
 97246 | Depths:5 | Gained mutation: You have large cloven feet. [potion of
                  | mutation]
 97246 | Depths:5 | Gained mutation: You have a pair of small antennae on your
                  | head. [potion of mutation]
 97247 | Depths:5 | Lost mutation: You have a pair of small antennae on your
                  | head. [potion of mutation]
 97247 | Depths:5 | Lost mutation: You are frail. (-10% HP) [potion of
                  | mutation]
 97247 | Depths:5 | Lost mutation: Your flesh is heat resistant. (rF+) [potion
                  | of mutation]
 97247 | Depths:5 | Gained mutation: You have an increased reservoir of magic.
                  | (+10% MP) [potion of mutation]
 97247 | Depths:5 | Lost mutation: Your system is resistant to poisons. (rPois)
                  | [potion of mutation]
 97247 | Depths:5 | Gained mutation: You have a considerably increased
                  | reservoir of magic. (+20% MP) [potion of mutation]
 97374 | Depths:5 | Learned a level 8 spell: Borgnjor's Revivification
 97418 | Depths:5 | Noticed Sojobo
 97419 | Depths:5 | Identified the ring of the Philosopher {Int+2 Stlth-}
 97421 | Depths:5 | Killed Sojobo
 97513 | Depths:5 | Bought a glowing cloak for 247 gold pieces
 97513 | Depths:5 | Bought a pair of glowing gloves for 247 gold pieces
 98130 | Slime:1  | Entered Level 1 of the Pits of Slime
 98154 | Slime:1  | Gained mutation: You do not regenerate when monsters are
                  | visible. [a shining eye]
 98513 | Slime:4  | Reached skill level 20 in Fighting
 98777 | Slime:5  | Entered Level 5 of the Pits of Slime
 98975 | Slime:5  | Noticed the Royal Jelly
 98977 | Slime:5  | Noticed a shard shrike shaped Royal Jelly
 98977 | Slime:5  | the Royal Jelly changed into a shard shrike shaped Royal
                  | Jelly
 98978 | Slime:5  | Killed a shard shrike shaped Royal Jelly
 99663 | Slime:5  | Identified the amulet "Empafuud" {Spirit rC- Dex+7 Slay+2
                  | SInv}
 99670 | Slime:5  | Found the +8 glaive of the Guard {elec, +Rage AC+5 SInv}
 99711 | Slime:5  | Identified the +4 dagger of Fatigue {freeze, Fragile rF+
                  | MR+ Str+4 Stlth+}
 99712 | Slime:5  | Found the +8 demon blade "Leech" {vamp, *Rage +Rage rN+}
 99744 | Slime:5  | Reached skill level 10 in Necromancy
 99796 | Slime:5  | Got a slimy rune of Zot
100195 | Orc:2    | Bought the ring of Crawling {rF+ rN+ Dex+6} for 683 gold
                  | pieces
100524 | Zot:1    | Entered Level 1 of the Realm of Zot
101058 | Zot:1    | Reached XP level 27. HP: 244/244 MP: 32/52
102555 | Zot:2    | Reached skill level 21 in Fighting
102811 | Zot:3    | Reduced skill Conjurations to level 5
103641 | Zot:3    | Found a runed translucent gate.
103641 | Zot:3    | Found a runed translucent gate.
103641 | Zot:3    | Found a runed translucent gate.
103650 | Zot:3    | Noticed ThatOtherGuy53's ghost (legendary HOMo)
103651 | Zot:3    | Identified the +0 helmet of the Elven Halls {+Fly Str+4
                  | Slay+2}
103651 | Zot:3    | Identified the +2 cloak of Defiance {Str+6 Stlth+}
103705 | Zot:3    | Killed ThatOtherGuy53's ghost
103770 | Zot:3    | Reached skill level 15 in Necromancy
103878 | Zot:3    | Acquired 1303 gold pieces
103962 | Zot:4    | Noticed an orb of fire
103966 | Zot:4    | Killed an orb of fire
104379 | Zot:4    | Reached skill level 10 in Short Blades
105909 | Zot:5    | Entered Level 5 of the Realm of Zot
106949 | Zot:5    | Noticed an ancient lich
106956 | Zot:5    | Killed an ancient lich
106957 | Zot:5    | Reached skill level 22 in Fighting
106977 | Zot:5    | Noticed an orb of fire
107005 | Zot:5    | Gained mutation: You occasionally shout uncontrollably at
                  | your foes. [an orb of fire]
107007 | Zot:5    | Gained mutation: You are frail. (-10% HP) [an orb of fire]
107027 | Zot:5    | Killed an orb of fire
107055 | Zot:5    | Gained mutation: You are dopey. (Int -2) [mutagenic glow]
107080 | Zot:5    | Gained mutation: You often lose your temper in combat.
                  | [mutagenic glow]
107118 | Zot:5    | Gained mutation: You sometimes yell uncontrollably at your
                  | foes. [mutagenic glow]
107131 | Zot:5    | Gained mutation: Scrolls take you a little longer to read.
                  | [mutagenic glow]
107531 | Zot:5    | Noticed an orb of fire
107538 | Zot:5    | Gained mutation: Potions cannot restore your health. [an
                  | orb of fire]
107539 | Zot:5    | Noticed an ancient lich
107541 | Zot:5    | Noticed an orb of fire
107546 | Zot:5    | Noticed an orb of fire
107562 | Zot:4    | Lost mutation: You are dopey. (Int -2) [potion of mutation]
107562 | Zot:4    | Lost mutation: You have large cloven feet. [potion of
                  | mutation]
107562 | Zot:4    | Lost mutation: Scrolls take you a little longer to read.
                  | [potion of mutation]
107562 | Zot:4    | Gained mutation: Scrolls take you a little longer to read.
                  | [potion of mutation]
107562 | Zot:4    | Gained mutation: You are agile. (Dex +2) [potion of
                  | mutation]
107563 | Zot:4    | Lost mutation: You often lose your temper in combat.
                  | [potion of mutation]
107563 | Zot:4    | Lost mutation: You are agile. (Dex +2) [potion of mutation]
107563 | Zot:4    | Lost mutation: You are frail. (-10% HP) [potion of
                  | mutation]
107563 | Zot:4    | Lost mutation: Potions cannot restore your health. [potion
                  | of mutation]
107563 | Zot:4    | Gained mutation: You are weak. (Str -2) [potion of
                  | mutation]
107563 | Zot:4    | Gained mutation: Your system is resistant to poisons.
                  | (rPois) [potion of mutation]
107563 | Zot:4    | Gained mutation: Your tail ends in a poisonous barb.
                  | [potion of mutation]
108378 | Vaults:3 | Bought a potion of mutation for 112 gold pieces
108378 | Vaults:3 | Bought a potion of mutation for 112 gold pieces
108378 | Vaults:3 | Bought a potion of brilliance for 56 gold pieces
108378 | Vaults:3 | Lost mutation: Scrolls take you a little longer to read.
                  | [potion of mutation]
108378 | Vaults:3 | Lost mutation: You sometimes yell uncontrollably at your
                  | foes. [potion of mutation]
108378 | Vaults:3 | Lost mutation: You tend to lose your temper in combat.
                  | [potion of mutation]
108378 | Vaults:3 | Lost mutation: You are weak. (Str -2) [potion of mutation]
108378 | Vaults:3 | Gained mutation: Your spells are a little harder to cast,
                  | but a little more powerful. [potion of mutation]
108753 | Zot:5    | Gained mutation: You tend to lose your temper in combat.
                  | [an orb of fire]
108756 | Zot:5    | Killed an orb of fire
108986 | Zot:5    | Gained mutation: You sometimes yell uncontrollably at your
                  | foes. [an orb of fire]
109001 | Zot:5    | Killed an orb of fire
109076 | Zot:5    | Killed an ancient lich
109095 | Zot:5    | Gained mutation: You are weak. (Str -2) [an orb of fire]
109131 | Zot:5    | Killed an orb of fire
109432 | Zot:5    | Reached skill level 23 in Fighting
109473 | Zot:5    | Identified the +10 rapier of Amiyble {vorpal, *Contam rPois
                  | Int+4}
109936 | Hell     | Entered the Vestibule of Hell
109936 | Hell     | Noticed Geryon
110056 | Hell     | Killed Geryon
110364 | Hell     | Found a gateway to the ashen valley of Gehenna.
110486 | Hell     | Found a gateway to the Iron City of Dis.
110878 | Hell     | Found a gateway to the freezing wastes of Cocytus.
111022 | Hell     | Found a gateway to the decaying netherworld of Tartarus.
111147 | Depths:4 | Voluntarily entered the Abyss.
111773 | Abyss:3  | Found a corrupted altar of Lugonu.
111913 | Abyss:4  | Found a bloodstained altar of Trog.
111914 | Abyss:4  | Found an ancient bone altar of Kikubaaqudgha.
111916 | Abyss:4  | Found a stormy altar of Qazlal.
111916 | Abyss:4  | Found a shimmering altar of Xom.
111916 | Abyss:4  | Found a glowing golden altar of the Shining One.
111916 | Abyss:4  | Found an opulent altar of Gozag.
111917 | Abyss:4  | Found a hazy altar of Hepliaklqana.
111917 | Abyss:4  | Found a white marble altar of Elyvilon.
111917 | Abyss:4  | Found a glowing silver altar of Zin.
111917 | Abyss:4  | Found an iron altar of Okawaru.
111918 | Abyss:4  | Found a shadowy altar of Dithmenos.
111920 | Abyss:4  | Found a burning altar of Makhleb.
111920 | Abyss:4  | Found a sparkling altar of Nemelex Xobeh.
111920 | Abyss:4  | Found a shimmering blue altar of Sif Muna.
111922 | Abyss:4  | Found a blossoming altar of Fedhas.
111922 | Abyss:4  | Found a snail-covered altar of Cheibriados.
111922 | Abyss:4  | Found a broken altar of Ashenzari.
111922 | Abyss:4  | Found a radiant altar of Vehumet.
111924 | Abyss:4  | Found a basalt altar of Yredelemnul.
111924 | Abyss:4  | Found a hide-covered altar of Uskayaw.
111924 | Abyss:4  | Found a broken altar of Ashenzari.
112010 | Abyss:4  | Paralysed by you for 6 turns
112205 | Abyss:4  | Paralysed by you for 7 turns
112225 | Abyss:4  | Got an abyssal rune of Zot
112328 | Abyss:4  | HP: 3/258 [Hell Sentinel (39)]
112329 | Abyss:4  | Killed from afar by a Hell Sentinel

Illustrated notes

Levels and vault maps discovered:
D:1:      scummos_arrival_hexagon, layout_basic
D:2:      layout_basic, okawaru_altar_gauntlet_db,
          nemelex_xobeh_ov_fountains_minmay, old_standard_altar,
          minmay_increasing_density, uniq_crazy_yiuf_cottage
D:3:      layout_basic, general_overflow_altar, uniq_natasha
D:4:      layout_basic, hangedman_decor_riveting
D:5:      layout_basic, uniq_eustachio, uniq_grinder
D:6:      layout_basic, cheibrodos_worm_habitat
D:7:      layout_basic, lemuel_coloured_pillars_altar, zin_treasury,
          minmay_temple_entry_slanted, serial_park_tiny_2, uniq_harold,
          uniq_pikel
D:8:      layout_loops_ring, lair_entry_dummy
D:9:      layout_long_grid, david_orc_1_choice, uniq_erica
D:10:     wad_woods_tower, layout_basic, basic_altar, serial_shops, shop
D:11:     cheibrodos_ideogram_h, layout_cave_pools, corexii_corridor_pit
D:12:     layout_roguey
D:13:     layout_loops_corners, kennysheep_generic_room_15, uniq_rupert
D:14:     layout_cave_pools, david_vaults_5, infiniplex_staircase_river,
          hangedman_glass_teeth, uniq_agnes
D:15:     hangedman_depths_entry_try_elsewhere_first, layout_cave_pools,
          elyvilon_altar_5, drop_trap, uniq_nessos
Temple:   regret_index_temple_generic_petals
Lair:1:   layout_gridlike, gammafunk_ghost_necromancy, beast_lair_carwin_4
Lair:2:   kb_forest_paths, layout_chaotic_city
Lair:3:   layout_long_grid, minmay_swamp_entry_worms, dummy_snake_entry,
          special_room [special_room_bee], patterned_corridor,
          grunt_megastairs_1, serial_bayou_shore_a, lemuel_fruit_fields,
          infiniplex_staircase_pool_2, minmay_lair_oklob_chamber
Lair:4:   layout_cave_pods, serial_bayou_shore_b
Lair:5:   layout_loops_ring, slime_altar_1, minivault_11, beast_lair_carwin_11
Lair:6:   evilmike_catoblepas_cave, layout_cave_pods, uniq_kirke
Swamp:1:  layout_basic_swamp, hangedman_swamp_pad, uniq_aizul
Swamp:2:  cheibrodos_swamp_tower_of_moss, layout_basic_swamp,
          hangedman_swamp_ruin_hall
Swamp:3:  layout_falls_marsh, gammafunk_ghost_cemetery,
          evilmike_swamp_ruin_house_4
Swamp:4:  swamp_basic_johnstein, layout_basic_swamp, swamp_pool1,
          nicolae_swamp_feature_on_the_river_bank
Snake:1:  layout_misc_corridors, basic_altar, nicolae_snake_lava_pool
Snake:2:  layout_misc_corridors, st_stairs_5, nicolae_snake_squiggles
Snake:3:  layout_misc_corridors, serial_shops, shop
Snake:4:  johnstein_snake_rune_scales, layout_basic
Slime:1:  layout_caves, cheibrodos_slime_lost_civilization_5
Slime:2:  layout_caves, basic_altar
Slime:3:  layout_caves
Slime:4:  layout_caves
Slime:5
Orc:1:    layout_diamond_mine, serial_shops, shop, shop, shop,
          nicolae_shop_crystal, shop_statue, nicolae_orc_stony_grotto
Orc:2:    st_orc_town, layout_diamond_mine, serial_shops, shop
Elf:1:    layout_gridlike, serial_shops, nicolae_shop_behind_doors, orc_legates,
          grunt_ministairs_9, uniq_frances
Elf:2:    layout_geoelf_diagonals, serial_shops, nicolae_shop_crystal
Elf:3:    minmay_elf_hall_dome, layout_geoelf_diagonals, serial_sigils,
          serial_sigils_hangedman_carve, serial_sigils_hangedman_writhe,
          serial_sigils_hangedman_snap, serial_sigils_hangedman_stare,
          serial_sigils_hangedman_scar, minivault_25_ag
Vaults:1: v_misc_24, v_alt_pattern_6, ontoclasm_vaults_fault, v_misc_33,
          vaults_standard_mumra_lines, v_alt_pattern_2,
          ontoclasm_vaults_loading_screen, ontoclasm_vaults_twist, v_misc_12,
          nicolae_vaults_little_squares_6, vaults_room_grid,
          ontoclasm_vaults_loading_screen, layout_vaults_maze_bifur
Vaults:2: hangedman_vaults_stitches, ontoclasm_vaults_idyll,
          hangedman_vaults_stagger, hangedman_vaults_impose,
          vaults_room_stairs_pillars, ontoclasm_vaults_chip,
          vaults_mumra_minichess_inversion, hangedman_vaults_impose,
          hangedman_vaults_river_flow, nicolae_vaults_gold_heap,
          layout_vaults_ring, mu_enter_wizlab_6, serial_shops, shop
Vaults:3: ontoclasm_vaults_gateway, hangedman_vaults_pinch,
          minmay_crypt_entry_nasty_monster, ontoclasm_vaults_idyll,
          ontoclasm_vaults_misaligned, v_misc_31, vaults_room_fours,
          nicolae_vaults_yaktaur_gun_rack, grunt_vaults_hallway_long,
          vaults_room_stairs_pillars, layout_vaults_omnigrid, serial_shops,
          shop, shop, shop
Vaults:4: ebering_vaults_ghost_reflecting_pool,
          nicolae_vaults_network_periphery, v_pattern_4,
          nicolae_vaults_little_ls, ontoclasm_vaults_ring_small,
          nicolae_vaults_shelves_hall, hangedman_vaults_cutoff,
          nicolae_vaults_shelves_hall, nicolae_vaults_ring_of_whatevers,
          hangedman_vaults_hat, nicolae_vaults_asterisk,
          nicolae_vaults_diagonal_hallway_7, nicolae_vaults_branching_niches,
          layout_vaults_omnibox
Vaults:5
Crypt:1:  layout_chaotic_city, grunt_megastairs_3
Crypt:2:  layout_basic, roderic_lattice_octagonal_star
Crypt:3:  grunt_crypt_end_deaths_head, uniq_xtahua
Depths:1: minmay_the_grid_square_5x5_5x5
          [minmay_the_grid_square_5x5_eight_small,
          minmay_the_grid_square_5x5_trominoes, minmay_the_grid_square_5x5_six,
          minmay_the_grid_square_5x5_moneybag,
          minmay_the_grid_square_5x5_checkered_sparse,
          minmay_the_grid_square_5x5_inverted_slash,
          minmay_the_grid_square_5x5_prize_rear_guard,
          minmay_the_grid_square_5x5_six_small,
          minmay_the_grid_square_5x5_prize_gold,
          minmay_the_grid_square_5x5_inset, minmay_the_grid_square_5x5_tie,
          minmay_the_grid_square_5x5_bracketed,
          minmay_the_grid_square_5x5_prize_waves, minmay_the_grid_square_5x5_c,
          minmay_the_grid_square_5x5_n, minmay_the_grid_square_5x5_three,
          minmay_the_grid_square_5x5_prize_itemx,
          minmay_the_grid_square_5x5_intrusive_squares,
          minmay_the_grid_square_5x5_prize_pseudospiral,
          minmay_the_grid_square_5x5_bite, minmay_the_grid_square_5x5_lines,
          minmay_the_grid_square_5x5_spiral,
          minmay_the_grid_square_5x5_tetrominoes,
          minmay_the_grid_square_5x5_beaten_path,
          minmay_the_grid_square_5x5_seven], layout_twisted_cross,
          solitary_fountain, hell_entry, chequers_serial_rivers_large_a,
          serial_sigils_hangedman_shear, serial_bayou_pond_e, uniq_enchantress,
          uniq_saint_roka
Depths:2: emtedronai_trogs_sanctum, layout_honeycomb, ashenzari_altar_1,
          rand_demon_pan_entry_8, abyss_entry_glasseish,
          nicolae_trove_entry_columns, hell_entry, st_stairs_1,
          water_boxes_lemuel, infiniplex_staircase_spiral
Depths:3: lemuel_minitomb, layout_gridlike, enter_ziggurat_b,
          hangedman_tar_grid_catacomb, rand_demon_pan_entry_4,
          minmay_hedge_maze, minivault_10, pandoras_box_mu,
          serial_bayou_shore_b, uniq_boris
Depths:4: minmay_dotted_concentric_squares, layout_basic, abyss_entry,
          grunt_hell_entry_dis_grunt, minmay_shop_grove
Depths:5: hangedman_spin_cycle, hell_entry, uniq_margery
Hell
Zot:1:    layout_concentric_octagons, grunt_megastairs_2
Zot:2:    layout_onion_interference, grunt_ministairs_9, st_small_dragon_hoard_2
Zot:3:    layout_onion_interference, gammafunk_ghost_tricky_traps
Zot:4:    layout_gridlike, st_single_dragon_hoard_3,
          hangedman_zot_decor_tridents, grunt_megastairs_4
Zot:5:    layout_cellular_growth
Abyss:4:  base: Swamp:3, abyss_greek_temple, abyss_greek_temple,
          evilmike_abyss_exit_mutagenic, evilmike_abyss_rune_tso_outpost,
          onia_ninara_dug_in_and_dangerous,
          evilmike_nicolae_abyss_rune_betentacled_crabyss

Skill      XL: |  1  2  3  4  5  6  7  8  9 10 11 12 13 14 15 16 17 18 19 20 21 22 23 24 25 26 27 |
---------------+----------------------------------------------------------------------------------+-----
Dodging        | 2 4 5 8 9 10 11 13 14 16 17 19 20 | 20.5
Stealth        | 2 4 5 9 11 13 14 16 | 16.1
Conjurations   | 2 3 4 5 6 8 10 4 |  4.6
Fire Magic     | 4 5 7 8 10 12 13 16 18 | 18.3
Spellcasting   | 4 6 8 11 12 13 15 16 17 | 17.0
Fighting       | 2 6 8 11 12 13 14 15 16 17 18 20 23 | 23.0
Evocations     | 4 5 9 10 11 14 16 19 20 | 20.5
Necromancy     | 2 3 5 10 16 | 16.1
Shields        | 3 4 5 11 12 13 | 13.2
Hexes          | 3 7 13 14 16 17 20 | 20.5
Air Magic      | 1 4 |  4.0
Short Blades   | 5 8 11 | 11.8
Ice Magic      | 5 |  5.0
Throwing       | 2 6 |  6.0
Transmutations | 1 |  1.8

Action                   |  1- 3 |  4- 6 |  7- 9 | 10-12 | 13-15 | 16-18 | 19-21 | 22-24 | 25-27 || total
-------------------------+-------+-------+-------+-------+-------+-------+-------+-------+-------++-------
Melee: Dagger            |    35 |    31 |       |       |       |       |       |       |       ||    66
       Tailslap          |     2 |     1 |     2 |    15 |    71 |   132 |   262 |   474 |   598 ||  1557
       Hand axe          |       |       |    40 |    93 |   429 |   306 |       |       |       ||   868
       Quick blade       |       |       |       |       |       |   512 |  1235 |  1958 |  2349 ||  6054
Throw: Dart              |       |     1 |     4 |     2 |       |     5 |    16 |    38 |     4 ||    70
 Cast: Foxfire           |    47 |   161 |   192 |   182 |   102 |       |       |       |       ||   684
       Sticky Flame      |       |       |    36 |    29 |    76 |    67 |    12 |    11 |       ||   231
       Fireball          |       |       |     2 |    95 |   134 |   238 |     2 |       |       ||   471
       Animate Skeleton  |       |       |       |    27 |    63 |    25 |     6 |    14 |     1 ||   136
       Inner Flame       |       |       |       |    58 |   140 |    25 |     5 |     4 |       ||   232
       Fulminant Prism   |       |       |       |     4 |    13 |       |       |       |       ||    17
       Cause Fear        |       |       |       |       |     1 |     1 |       |       |       ||     2
       Conjure Ball Ligh |       |       |       |       |    81 |    91 |       |       |       ||   172
       Invisibility      |       |       |       |       |    15 |    38 |    61 |    56 |    47 ||   217
       Blink             |       |       |       |       |       |     4 |       |       |     1 ||     5
       Swiftness         |       |       |       |       |       |     3 |     1 |       |       ||     4
       Ozocubu's Armour  |       |       |       |       |       |    15 |    11 |     8 |     2 ||    36
       Discord           |       |       |       |       |       |    35 |    14 |    40 |    28 ||   117
       Apportation       |       |       |       |       |       |     1 |       |       |       ||     1
       Ignition          |       |       |       |       |       |       |    67 |   102 |    89 ||   258
       Silence           |       |       |       |       |       |       |    13 |    34 |    33 ||    80
       Wereblood         |       |       |       |       |       |       |       |    27 |    44 ||    71
       Death Channel     |       |       |       |       |       |       |       |     6 |    41 ||    47
Invok: Curse Item        |       |       |     6 |     2 |     3 |     4 |     2 |       |     3 ||    20
       Transfer Knowledg |       |       |       |       |       |       |       |       |     2 ||     2
 Abil: Breathe Dispellin |       |       |     1 |     1 |     3 |    52 |    10 |    21 |    14 ||   102
       Evoke Berserk Rag |       |       |       |       |       |     1 |     5 |       |    14 ||    20
Evoke: Wand              |       |       |       |     6 |    12 |     7 |     1 |     3 |     5 ||    34
       Box of beasts     |       |       |       |       |     1 |     3 |     1 |     2 |     3 ||    10
       Phantom mirror    |       |       |       |       |       |     1 |       |       |     2 ||     3
       Lightning rod     |       |       |       |       |       |     4 |       |     4 |     4 ||    12
       Tin of tremorston |       |       |       |       |       |       |       |     6 |     2 ||     8
       Condenser vane    |       |       |       |       |       |       |       |     2 |     3 ||     5
       Phial of floods   |       |       |       |       |       |       |       |       |     1 ||     1
       Horn of Geryon    |       |       |       |       |       |       |       |       |     2 ||     2
  Use: Scroll            |       |       |    20 |     9 |     8 |    16 |    13 |    12 |     8 ||    86
       Potion            |       |       |     1 |       |     3 |     1 |    12 |    13 |    17 ||    47
 Stab: Sleeping          |     2 |       |       |       |     9 |     1 |    87 |    82 |   127 ||   308
       Paralysed         |       |       |       |       |     5 |       |       |       |       ||     5
       Petrified         |       |       |       |       |     2 |       |       |       |       ||     2
       Invisible         |       |       |       |       |    29 |    54 |    59 |   117 |   126 ||   385
       Distracted        |       |       |       |       |       |    13 |     3 |    14 |    33 ||    63
Armor: Skin              |    11 |    10 |    33 |    39 |   148 |   160 |    65 |   160 |   254 ||   880
Dodge: Dodged            |    21 |    20 |    29 |    60 |   434 |   571 |   260 |   667 |   805 ||  2867
Block: Other             |       |     6 |    17 |     3 |       |       |       |       |       ||    26
       Reflection        |       |     4 |       |    17 |    48 |    22 |       |       |       ||    91
       Buckler           |       |       |       |    77 |    38 |       |       |       |       ||   115
       Kite shield       |       |       |       |       |   561 |   642 |   246 |   712 |   895 ||  3056

Table legend: (Time is in decaauts)
 A = Elapsed time spent in this place.
 B = Non-inter-level travel time spent in this place.
 C = Inter-level travel time spent in this place.
 D = Time resting spent in this place.
 E = Time spent auto-exploring this place.
 F = Levels seen in this place.
 G = Mean time per level.
                   A        B        C        D        E       F      G
               +--------+--------+--------+--------+--------+-----+--------+
         Total | 109460 |  97956 |  11504 |  43989 |  34274 |  65 | 1684.0 |
       Dungeon |  26707 |  22476 |   4231 |   8782 |  10170 |  15 | 1780.5 |
        Temple |    177 |    152 |     25 |      0 |    146 |   1 |  177.0 |
          Lair |  13976 |  12635 |   1341 |   6712 |   4504 |   6 | 2329.3 |
         Swamp |   9063 |   8270 |    793 |   4758 |   2350 |   4 | 2265.8 |
     Snake Pit |   6143 |   5607 |    536 |   2798 |   1860 |   4 | 1535.8 |
    Slime Pits |   1750 |   1647 |    103 |   1192 |      0 |   5 |  350.0 |
  Orcish Mines |   4906 |   4167 |    739 |   2190 |   1138 |   2 | 2453.0 |
   Elven Halls |   6279 |   5825 |    454 |   2094 |   2341 |   3 | 2093.0 |
        Vaults |  12803 |  11325 |   1478 |   4312 |   4759 |   5 | 2560.6 |
         Crypt |   5783 |   5444 |    339 |   2602 |   1271 |   3 | 1927.7 |
        Depths |  10499 |   9671 |    828 |   4058 |   3041 |   5 | 2099.8 |
          Hell |    685 |    645 |     40 |     13 |    442 |   1 |  685.0 |
           Zot |   8013 |   7420 |    593 |   3321 |   2242 |   5 | 1602.6 |
         Abyss |    988 |    988 |      0 |     66 |      5 |   4 |  247.0 |
         Trove |     39 |     39 |      0 |      0 |      2 |   1 |   39.0 |
        Wizlab |   1641 |   1641 |      0 |   1087 |      0 |   1 | 1641.0 |
               +--------+--------+--------+--------+--------+-----+--------+

Top non-repeatable levels by time:
  Lair:3: 4309 daAuts
Vaults:4: 3778 daAuts
   Orc:1: 3006 daAuts
    D:10: 2934 daAuts
Vaults:3: 2911 daAuts
    D:14: 2763 daAuts
Depths:2: 2692 daAuts
   Elf:2: 2683 daAuts
 Swamp:1: 2652 daAuts
   Zot:4: 2567 daAuts
 Swamp:3: 2517 daAuts
 Crypt:1: 2490 daAuts
     D:8: 2374 daAuts
Depths:5: 2291 daAuts
 Crypt:3: 2285 daAuts
